cohdb
Replays
Latest Replays
All Replays
Popular Replays
Top Player Replays
Match Explorer
How It Works
Community
CoH3 Stats
Reddit
Sign in to upload your games and track your stats! →
Sign in with Steam
Match 41227948
Unlisted
Match 41227948
Overview
Messages
Build Orders
End
Construct Infanterie Kompanie
Selects Italian Coastal Battlegroup
Selects Coastal Reserves
Coastal Reserve
MG 42 Machine Gun Team
Coastal Reserve
MG 42 Bunker
Infanterie Officer Quarters
MG 42 Bunker
Coastal Reserve
Construct Panzergrenadier Kompanie
MG 42 Bunker
Selects Support Bunkers
Pak 40 Anti-tank Gun Team
Selects Rapid Fortifications
Rapid Fortifications
MG 42 Bunker
Coastal Reserve
Selects Artillery Officer
Medical Bunker
Rapid Fortifications
Coastal Reserve
Repair Bunker
MG 42 Bunker
MG 42 Bunker
Construct Panzer Kompanie
Rapid Fortifications
MG 42 Bunker
Selects Obice da 210/22 Artillery Emplacement
Rapid Fortifications
Rapid Fortifications
MG 42 Bunker
MG 42 Bunker
Panzer IV Medium Tank
MG 42 Bunker
Selects Bulwark
Rapid Fortifications
Rapid Fortifications
MG 42 Bunker
Anti-tank Bunker
MG 42 Bunker
Rapid Fortifications
MG 42 Bunker
MG 42 Bunker
Rapid Fortifications
MG 42 Bunker
Anti-tank Bunker
Rapid Fortifications
MG 42 Bunker
MG 42 Bunker
Rapid Fortifications
Panzer IV Medium Tank
Repair Bunker
Coastal Reserve
Rapid Fortifications
MG 42 Bunker
MG 42 Bunker
Rapid Fortifications
Coastal Reserve
hacksaw097
Alienman217
MyStore
Unsafe
DungeonMaster
How to Train Your Wagon
[SIN7]NecessaryEvil
Hootch
0
0
Comments
sign in to comment!
No comments posted yet!